 Dungeon Crawl Stone Soup version 0.28-a0-1404-g4df0f3684d (webtiles) character file.

Game seed: 17589476412043161505

9877 benadryl the Grappler (level 11, -2/111 HPs)
             Began as a Troll Hunter on Jan 5, 2022.
             Was an Initiate of Yredelemnul.
             Slain by a yak (15 damage)
             ... on level 9 of the Dungeon.
             The game lasted 00:20:48 (10249 turns).

benadryl the Grappler (Troll Hunter)               Turns: 10249, Time: 00:20:49

Health: -2/111     AC:  7    Str: 32    XL:     11   Next: 28%
Magic:  13/14      EV:  9    Int:  7    God:    Yredelemnul [......]
Gold:   606        SH:  0    Dex: 10    Spells: 10/10 levels left

rFire   . . .      SeeInvis .     - Unarmed
rCold   . . .      Faith    .   (no shield)
rNeg    . . .      Spirit   .   u - +0 steam dragon scales
rPois   +          Reflect  .   p - +0 hat
rElec   .          Harm     .   (no cloak)
rCorr   .          Rampage  .   (gloves unavailable)
Will    .....                   (boots unavailable)
Stlth   +.........              (no amulet)
HPRegen 1.08/turn               t - ring of poison resistance
MPRegen 0.14/turn               l - +6 ring of strength

@: lethally poisoned (-2 -> -13)
A: large, unfitting armour, claws 3, regeneration 1, shaggy fur 1, tough skin 1
a: Renounce Religion, Recall Undead Harvest


You were on level 9 of the Dungeon.
You worshipped Yredelemnul.
Yredelemnul was noncommittal.
You visited 2 branches of the dungeon, and saw 11 of its levels.

You collected 606 gold pieces.

Inventory:

Hand Weapons
 i - a +0 giant club
Missiles
 c - 9 large rocks
 d - 2 throwing nets
 f - 43 poisoned darts
 w - 5 javelins (quivered)
Armour
 p - a +0 hat (worn)
 u - +0 steam dragon scales (worn)
Jewellery
 l - a +6 ring of strength (right claw)
 t - a ring of poison resistance (left claw)
Wands
 k - a wand of mindburst (5)
 m - a wand of charming (20)
 r - a wand of iceblast (3)
 s - a wand of digging (5)
Scrolls
 b - a scroll of identify {@r1}
 e - 10 scrolls of teleportation
 j - 3 scrolls of magic mapping
 v - a scroll of fog
 y - 3 scrolls of enchant weapon {unknown}
Potions
 a - 2 potions of heal wounds
 g - a potion of haste
 h - a potion of flight
 n - a potion of curing {@q1}
 o - 2 potions of lignification
 x - 2 potions of brilliance {unknown}


   Skills:
 + Level 8.2 Fighting
 - Level 4.2 Throwing
 - Level 1.5 Dodging
 - Level 0.3 Stealth
 * Level 13.4 Unarmed Combat
 + Level 5.3 Invocations


You had 10 spell levels left.
You didn't know any spells.
Your spell library contained the following spells:

 Spells                   Type           Power      Damage    Failure   Level
 Pain                     Necr           0%         1d4       43%         1
 Blink                    Tloc           0%         N/A       56%         2
 Dazzling Flash           Conj/Hex       0%         N/A       80%         3
 Gell's Gravitas          Tloc           0%         N/A       80%         3
 Lesser Beckoning         Tloc           0%         N/A       80%         3
 Teleport Other           Tloc           0%         N/A       80%         3
 Tukima's Dance           Hex            0%         N/A       80%         3
 Passage of Golubria      Tloc           0%         N/A       99%         4
 Agony                    Necr           0%         N/A       100%        5
 Excruciating Wounds      Necr           0%         N/A       100%        5
 Manifold Assault         Tloc           0%         N/A       100%        5
 Silence                  Hex/Air        0%         N/A       100%        5
 Summon Forest            Summ/Tloc      0%         N/A       100%        5
 Summon Mana Viper        Hex/Summ       0%         N/A       100%        5
 Yara's Violent Unravell  Hex/Tmut       0%         3d3       100%        5
 Summon Cactus Giant      Summ           0%         N/A       100%        6


Dungeon Overview and Level Annotations

Branches:
Dungeon (10/15)            Temple (1/1) D:7            Lair (0/6) D:8
    Orc: D:9-12

Altars:
Ashenzari
Cheibriados
Elyvilon
Fedhas
Okawaru
Qazlal
Ru
Trog
Vehumet
Wu Jian
Xom
Yredelemnul
The Shining One

Shops:
D:2 =   D:3 :

Annotations:
D:5 1 runed translucent door, DrKleor's ghost, novice DsFi
D:9 Sonja


Innate Abilities, Weirdness & Mutations

You are too large for most types of armour.
You have claws for hands.
Your natural rate of healing is unusually fast.
You are covered in fur. (AC +1)
You have tough skin. (AC +1)


Message History

The orc wizard hits you but does no damage.
Sonja hits you with a +0 short sword of venom.
Sonja hits you but does no damage. x2
You are poisoned.
You feel sick. The yak gores you! The orc wizard barely misses you.
Sonja hits you with a +0 short sword of venom.
Sonja hits you but does no damage. x2
You climb upwards.
Reactivating autopickup.
You feel very sick.
There is a stone staircase leading down, spattered with blood here.
Aiming: Mindburst
Press: ? - help, Shift-Dir - straight line, f - Sonja
Aim: Sonja, wielding a +0 short sword of venom and quivering curare-tipped darts (chance to affect: 72%) Sonja struggles to resist.
You feel sick.
Sonja hits you with a +0 short sword of venom!
* * * LOW HITPOINT WARNING * * *
You are more poisoned.
Sonja closely misses you. Sonja hits you but does no damage.
You are more poisoned.
The yak gores you!
* * * LOW HITPOINT WARNING * * *
Something hits you.
* * * LOW HITPOINT WARNING * * *
Deactivating autopickup; reactivate with Ctrl-A.
The orc wizard misses you.
Aiming: Mindburst
Press: ? - help, Shift-Dir - straight line, f/p - Sonja
Aim: Sonja, wielding a +0 short sword of venom and quivering curare-tipped darts (chance to affect: 72%) Sonja struggles to resist.
* * * LOW HITPOINT WARNING * * *
You feel very sick.
Sonja twirls her cape.
Sonja hits you with a +0 short sword of venom.
* * * LOW HITPOINT WARNING * * *
Sonja hits you but does no damage.
Sonja hits you with a +0 short sword of venom.
* * * LOW HITPOINT WARNING * * *
The yak gores you!
You die...
Your body rises from the dead as a mindless zombie.

#...#...#########......#..#..
#...#...#....#.(#......####..
#...#...#....#..#...Z....)...
#...#...#....#..#.....).))...
#...#...#....#..#.......)....
#...#..Z#....#..#............
#...#...#.(..#..####'##......
#...##..#<.Y.#..#....Z#......
#.[.##..#))o@#..#.....#####..
#.=..#..'...K#..#.....Z...#..
#....#..#....#..########..#..
#....#..#....#..##....##..#..
#....#..#....#........##..#..
#....#[.#....#.....Z..Z...#..
###'##..#....#...Z...Z....#..
#...##..#....#..###########..
#....#..#....##'#..........Z.


You could see a yak, Sonja and an orc wizard.

Vanquished Creatures
  A two-headed ogre (D:6)
  A death yak (D:8)
  Maurice (D:9)
  A centaur zombie (D:10)
  A komodo dragon (D:8)
  Maggie (D:7)
  A shadow (D:8)
  10 yaks
  A wraith (D:9)
  Eustachio (D:5)
  2 vampire mosquitoes
  Menkaure (D:5)
  3 water moccasins
  2 acid dragons
  2 ice beasts (D:8)
  2 necrophages
  4 orc warriors
  5 centaurs
  An ogre (D:5)
  A wolf (D:8)
  2 kobold brigands
  4 scorpions
  A water moccasin zombie (D:4)
  13 killer bees
  3 wights (D:9)
  An electric eel (D:8)
  4 howler monkeys (D:8)
  A jelly (D:6)
  A bullfrog zombie (D:7)
  5 hounds
  5 orc priests
  2 gnoll shamans
  5 orc wizards
  2 iguanas (D:5)
  A killer bee zombie (D:6)
  A killer bee simulacrum (D:8)
  A howler monkey zombie (D:6)
  9 gnolls
  A howler monkey skeleton (D:7)
  8 adders
  3 white imps
  An ufetubus (D:6)
  2 worms (D:4)
  3 dart slugs
  15 orcs
  6 endoplasms
  2 giant cockroaches
  A goblin (D:3)
  6 hobgoblins
  14 kobolds
  3 quokkas
  6 ball pythons
  5 bats
  3 frilled lizards (D:1)
  10 rats
192 creatures vanquished.

Vanquished Creatures (collateral kills)
  A polar bear (D:8)
  A spriggan (shapeshifter) (D:9)
  3 yaks (D:9)
  A water moccasin (D:8)
  A hornet simulacrum (D:8)
  2 killer bees
  A wight (D:9)
  3 electric eels (D:8)
  An orc priest (D:10)
  An orc wizard (D:8)
  2 white imps (D:8)
  An ufetubus (D:8)
  An orc (D:10)
  2 kobolds
21 creatures vanquished.

Vanquished Creatures (others)
  A spectral ogre (D:10)
  A water moccasin zombie (D:8)
  A spriggan zombie (D:9)
  A spectral ice beast (D:8)
  A spectral acid dragon (D:9)
  A killer bee zombie (D:9)
  4 howler monkey zombies (D:8)
  A white imp (D:8)
  A gnoll zombie (D:7)
  4 orc zombies
  22 plants (D:8)
38 creatures vanquished.

Grand Total: 251 creatures vanquished

Notes
Turn   | Place    | Note
-------+----------+-------------------------------------------
     0 | D:1      | benadryl the Troll Hunter began the quest for the Orb.
     0 | D:1      | Reached XP level 1. HP: 19/19 MP: 0/0
   124 | D:1      | Reached skill level 1 in Unarmed Combat
   181 | D:1      | Reached XP level 2. HP: 28/28 MP: 1/1
   694 | D:2      | Found a faded altar of an unknown god.
   715 | D:2      | Reached XP level 3. HP: 27/35 MP: 2/2
   830 | D:2      | Reached skill level 2 in Unarmed Combat
  1408 | D:2      | Found Olevyos's Jewellery Shoppe.
  1428 | D:2      | Reached XP level 4. HP: 20/42 MP: 3/3
  1608 | D:3      | Found Ubeowos's Book Shop.
  2541 | D:4      | Reached skill level 3 in Unarmed Combat
  2561 | D:4      | Noticed a scorpion
  2566 | D:4      | Killed a scorpion
  2567 | D:4      | Reached XP level 5. HP: 50/50 MP: 4/4
  2731 | D:4      | Reached skill level 4 in Unarmed Combat
  3337 | D:4      | Reached XP level 6. HP: 58/61 MP: 5/5
  3598 | D:5      | Entered Level 5 of the Dungeon
  3621 | D:5      | Reached skill level 5 in Unarmed Combat
  3690 | D:5      | Reached XP level 7. HP: 68/68 MP: 6/6
  3945 | D:5      | Noticed Menkaure
  3947 | D:5      | Killed Menkaure
  3948 | D:5      | Reached skill level 6 in Unarmed Combat
  4134 | D:5      | Noticed Eustachio
  4146 | D:5      | Killed Eustachio
  4208 | D:5      | Found a bloodstained altar of Trog.
  4208 | D:5      | Found a faded altar of an unknown god.
  4217 | D:5      | Found an iron altar of Okawaru.
  4219 | D:5      | Found a radiant altar of Vehumet.
  4221 | D:5      | Found a glowing golden altar of the Shining One.
  4569 | D:5      | Found a runed translucent door.
  4573 | D:5      | Noticed DrKleor's ghost (novice DsFi)
  4621 | D:5      | Reached skill level 7 in Unarmed Combat
  4788 | D:5      | Reached XP level 8. HP: 63/79 MP: 7/7
  4993 | D:6      | Noticed a two-headed ogre
  4999 | D:6      | Killed a two-headed ogre
  5000 | D:6      | Reached skill level 5 in Fighting
  5000 | D:6      | Reached skill level 8 in Unarmed Combat
  5273 | D:6      | Reached skill level 9 in Unarmed Combat
  5351 | D:6      | Reached XP level 9. HP: 89/89 MP: 8/8
  5826 | D:6      | Identified the +0 ring mail of Yredelemnul's Hatred {rF+
                  | rN++ Str+3}
  5848 | D:6      | Found an ornate altar of the Wu Jian Council.
  5923 | D:7      | Noticed Maggie
  5927 | D:7      | Killed Maggie
  5928 | D:7      | Reached skill level 10 in Unarmed Combat
  6011 | D:7      | Found a staircase to the Ecumenical Temple.
  6037 | Temple   | Entered the Ecumenical Temple
  6050 | Temple   | Became a worshipper of Yredelemnul the Dark
  6133 | D:7      | Reached * piety under Yredelemnul
  6259 | D:7      | Reached skill level 1 in Invocations
  6374 | D:7      | Reached ** piety under Yredelemnul
  6835 | D:9      | HP: 1/92 [vampire mosquito (9)]
  7042 | D:8      | Reached skill level 11 in Unarmed Combat
  7043 | D:8      | Noticed a polar bear
  7060 | D:8      | Killed a polar bear
  7131 | D:8      | Reached XP level 10. HP: 61/100 MP: 11/11
  7360 | D:8      | Found a staircase to the Lair.
  7401 | D:8      | Found a broken altar of Ashenzari.
  7610 | D:8      | Reached *** piety under Yredelemnul
  7664 | D:8      | Noticed a death yak
  7689 | D:8      | Killed a death yak
  7690 | D:8      | Reached skill level 12 in Unarmed Combat
  7765 | D:8      | Reached **** piety under Yredelemnul
  8053 | D:9      | Noticed Maurice
  8061 | D:9      | Killed Maurice
  8414 | D:9      | Reached skill level 5 in Invocations
  8419 | D:9      | Reached ***** piety under Yredelemnul
  8706 | D:9      | Noticed Erolcha
  8711 | D:9      | Noticed a salamander
  8715 | D:9      | a salamander changed into a spriggan
  8718 | D:9      | Reached XP level 11. HP: 46/107 MP: 3/13
  8726 | D:9      | Killed Erolcha
  8726 | D:9      | Enslaved Erolcha
  8859 | D:9      | Reached skill level 13 in Unarmed Combat
  9456 | D:10     | Entered Level 10 of the Dungeon
  9514 | D:10     | Noticed Sonja
  9517 | D:10     | Your ally Erolcha died
 10249 | D:9      | Slain by a yak

Illustrated notes

Levels and vault maps discovered:
D:1:      lemuel_arrival_funnel, layout_loops_cross,
          wander_ebering_terrifying_dragon_lair
D:2:      layout_basic, serial_shops, nicolae_shop_hallway_stairs,
          ebering_ecumenical_altar_rust, hangedman_decor_diamond_cutter,
          minmay_increasing_density
D:3:      kb_forest_paths, layout_loops_ring, serial_shops, shop
D:4:      layout_loops_ring, serial_glass, glass_columns_c, glass_columns_b
D:5:      layout_loops_corners, chequers_temple_overflow_minitemple,
          ebering_ghost_sewer_d, uniq_eustachio, uniq_menkaure
D:6:      kennysheep_six_static_rooms, layout_basic, nzn_wu_jian_contemplation
D:7:      layout_rooms, minmay_temple_entry_arrows, uniq_maggie
D:8:      layout_rooms, evilmike_ruin_ashenzari, david_lair_shrubbed,
          serial_ice, serial_ice_j, serial_ice_b, serial_ice_a, serial_ice_f,
          serial_ice_g
D:9:      layout_gridville, chequers_serial_rivers_room_b, minivault_19,
          kennysheep_another_room, uniq_maurice, uniq_erolcha
D:10:     layout_long_grid, erik_orc_4, patterned_corridor, uniq_sonja
Temple:   regret_index_temple_sphere_string

Skill      XL: |  1  2  3  4  5  6  7  8  9 10 11 |
---------------+----------------------------------+-----
Unarmed Combat | 1 2 3 4 5 7 9 11 12 13 | 13.4
Fighting       | 2 3 4 5 6 7 8 |  8.2
Throwing       | 4 |  4.2
Invocations    | 3 5 |  5.3
Dodging        | |  1.5
Stealth        | |  0.3

Action                   |  1- 3 |  4- 6 |  7- 9 | 10-12 || total
-------------------------+-------+-------+-------+-------++-------
Melee: Unarmed           |    99 |   134 |   151 |   174 ||   558
       Punch             |     1 |     1 |    10 |    14 ||    26
Throw: Large rock        |     5 |       |       |       ||     5
       Dart              |     1 |    13 |     2 |       ||    16
       Throwing net      |       |       |     1 |       ||     1
       Javelin           |       |       |       |     4 ||     4
Invok: Recall Undead Har |       |       |       |     1 ||     1
       Bind Soul         |       |       |       |     1 ||     1
       Dark Bargain      |       |       |       |     1 ||     1
Evoke: Wand              |       |     2 |    16 |    15 ||    33
  Use: Scroll            |     2 |     7 |     4 |       ||    13
       Potion            |       |       |     5 |     3 ||     8
 Stab: Sleeping          |     1 |     2 |     1 |       ||     4
       Held in net/web   |       |       |     1 |       ||     1
       Distracted        |       |       |       |     3 ||     3
Armor: Robe              |    49 |    44 |    20 |       ||   113
       Steam dragon scal |       |       |    32 |    64 ||    96
Dodge: Dodged            |    48 |    47 |    94 |    89 ||   278

Table legend: (Time is in decaauts)
 A = Elapsed time spent in this place.
 B = Non-inter-level travel time spent in this place.
 C = Inter-level travel time spent in this place.
 D = Time resting spent in this place.
 E = Time spent auto-exploring this place.
 F = Levels seen in this place.
 G = Mean time per level.
                   A        B        C        D        E       F      G
               +--------+--------+--------+--------+--------+-----+--------+
         Total |  10166 |   9842 |    324 |   2716 |   5534 |  11 |  924.2 |
       Dungeon |  10123 |   9827 |    296 |   2716 |   5525 |  10 | 1012.3 |
        Temple |     42 |     14 |     28 |      0 |      9 |   1 |   42.0 |
               +--------+--------+--------+--------+--------+-----+--------+

Top non-repeatable levels by time:
     D:9: 2397 daAuts
     D:5: 1389 daAuts
     D:3: 1033 daAuts
     D:4: 954 daAuts
     D:8: 932 daAuts
     D:2: 914 daAuts
     D:6: 898 daAuts
     D:7: 843 daAuts
     D:1: 686 daAuts
    D:10: 73 daAuts
  Temple: 42 daAuts
